Map: Orbital Shipyard

Players

ILLBdA

  • Race: Protoss Protoss
  • League: Diamond

Ckong - Winner!

  • Race: Terran Terran
  • League: Diamond

VOD

Have the link to the VOD?

Description

Time

  • Played on: Dec. 24, 2015, 7:11 a.m.
  • Length: 11:39
Show
View Real Time Build Order
Export as new Build Order

ILLBdA Protoss 

Build Orders: 1 Gate Expand 

Get SALT Encoding   

  12  0:04  Probe (Chrono Boost)  
  14  0:14  Probe (Chrono Boost)  
  14  0:20  Pylon  
  14  0:25  Probe (Chrono Boost)  
  15  0:38  Probe (Chrono Boost)  
  15  0:40  Gateway  
  16  0:44  Assimilator  
  16  0:49  Probe (Chrono Boost)  
  17  0:59  Probe (Chrono Boost)  
  18  1:10  Probe (Chrono Boost)  
  19  1:20  Nexus  
  19  1:23  Probe (Chrono Boost)  
  20  1:34  Cybernetics Core  
  20  1:38  Probe (Chrono Boost)  
  21  1:48  Probe (Chrono Boost)  
  21  1:50  Assimilator  
  22  1:55  Pylon  
  22  2:11  Warp Gate (Chrono Boost)  
  22  2:13  Adept (Chrono Boost)  
  24  2:16  Mothership Core (Chrono Boost)  
  26  2:26  Forge  
  26  2:33  Probe (Chrono Boost)  
  26  2:37  Probe (Chrono Boost)  
  28  2:39  Sentry  
  28  2:43  Probe (Chrono Boost)  
  31  2:47  Probe (Chrono Boost)  
  32  2:54  Probe (Chrono Boost)  
  32  2:58  Probe (Chrono Boost)  
  34  2:59  Robotics Facility  
  34  3:04  Probe (Chrono Boost)  
  35  3:08  Stalker, Probe (Chrono Boost)  
  38  3:15  Probe (Chrono Boost)  
  39  3:20  Pylon  
  39  3:23  Pylon  
  39  3:24  Probe (Chrono Boost)  
  40  3:30  Probe (Chrono Boost)  
  41  3:34  Protoss Ground Armor Level 1 (Chrono Boost)  
  41  3:40  Photon Cannon  
  41  3:44  Probe (Chrono Boost)  
  41  3:46  Observer (Chrono Boost)  
  43  3:51  Probe, Assimilator  
  44  3:57  Probe, Assimilator  
  44  3:59  Pylon  
  44  4:02  Immortal (Chrono Boost)  
  49  4:10  Pylon  
  49  4:19  Stalker  
  49  4:23  Probe  
  52  4:28  Pylon  
  52  4:33  Probe  
  52  4:34  Immortal  
  53  4:44  Gateway  
  53  4:45  Gateway  
  57  4:56  Twilight Council  
  52  5:08  Photon Cannon  
  52  5:09  Stalker  
  52  5:12  Probe x2  
  56  5:21  Observer  
  56  5:24  Probe  
  56  5:25  Probe  
  59  5:35  Templar Archives  
  59  5:37  Probe x2 (Chrono Boost)  
  61  5:48  Probe (Chrono Boost)  
  63  5:50  Probe (Chrono Boost)  
  63  6:02  Probe (Chrono Boost)  
  64  6:10  Psionic Storm  
  64  6:11  Probe (Chrono Boost)  
  64  6:12  Nexus  
  64  6:15  High Templar x2  
  69  6:20  Probe, Pylon  
  70  6:28  Gateway  
  70  6:29  Gateway  
  70  6:30  Pylon  
  70  6:32  Immortal (Chrono Boost)  
  74  6:36  Probe  
  75  6:41  Probe, Photon Cannon  
  76  6:58  Protoss Ground Armor Level 2 (Chrono Boost)  
  76  7:00  Probe  
  77  7:02  Pylon  
  77  7:07  Pylon  
  81  7:08  Immortal  
  81  7:09  Pylon  
  81  7:19  Charge  
  81  7:24  Pylon  
  81  7:26  Zealot  
  81  7:27  Zealot x2  
  72  7:46  Probe, Immortal (Chrono Boost)  
  72  7:48  Probe  
  78  7:51  Mothership Core  
  78  7:55  Zealot x2  
  78  7:58  Probe x2  
  85  8:03  High Templar  
  88  8:10  Probe  
  89  8:20  Pylon  
  89  8:21  High Templar  
  89  8:22  Zealot x2  
  89  8:25  Probe  
  96  8:28  High Templar  
  98  8:37  Assimilator  
  98  8:46  Zealot x3  
  104  8:49  Probe x2  
  104  8:54  Gateway x2  
  106  8:58  High Templar  
  108  9:03  High Templar, Assimilator  
  108  9:07  Photon Cannon  
  110  9:10  Photon Cannon  
  110  9:12  High Templar  
  110  9:16  Zealot x2  
  116  9:20  Warp Prism  
  118  9:36  Zealot x2  
  122  9:44  Probe  
  123  9:47  Pylon  
  113  10:18  Archon x2  
  113  10:19  Archon  
  89  10:23  Immortal  
  89  10:26  Zealot  
  89  10:27  Zealot x4  
  91  10:35  Zealot x2  
  75  10:45  High Templar x2  
  79  10:50  High Templar  
  79  10:51  High Templar x2  
  79  10:52  Zealot  
  79  10:54  Probe x3  
  79  10:56  High Templar  
  96  11:06  Probe x3  
  96  11:11  High Templar  
  99  11:16  Zealot x2  
  99  11:18  Probe x2  
  82  11:27  Stalker x3  
Show
View Real Time Build Order
Export as new Build Order

Ckong Terran - Winner!

Build Orders: MMM Bio 

Get SALT Encoding   

  12  0:01  SCV  
  13  0:13  SCV  
  14  0:17  Supply Depot  
  14  0:25  SCV  
  15  0:39  SCV  
  15  0:41  Barracks  
  16  0:46  Refinery  
  16  0:51  SCV  
  16  0:56  Supply Depot  
  17  1:03  SCV  
  18  1:15  SCV  
  19  1:28  Orbital Command  
  19  1:30  Barracks Reactor  
  19  1:54  Command Center  
  19  1:55  SCV  
  20  2:08  Factory  
  20  2:11  Marine x2  
  23  2:15  SCV  
  23  2:22  Refinery  
  23  2:29  Marine x2  
  25  2:30  SCV  
  26  2:42  SCV  
  27  2:47  Marine x2  
  29  2:52  Widow Mine  
  29  2:54  Starport  
  27  3:05  SCV, Orbital Command  
  31  3:12  Marine x2  
  34  3:21  SCV  
  34  3:23  Widow Mine  
  37  3:31  Marine x2  
  37  3:32  Medivac  
  37  3:33  SCV x2  
  43  3:39  Supply Depot  
  43  3:47  Supply Depot  
  44  3:48  SCV  
  44  3:49  Marine x2  
  46  4:00  SCV  
  46  4:01  Factory Tech Lab  
  46  4:02  Starport Tech Lab  
  47  4:11  Marine x2  
  47  4:13  Barracks  
  47  4:15  SCV x2  
  51  4:17  Barracks  
  51  4:21  Engineering Bay  
  51  4:28  SCV x2  
  53  4:31  Engineering Bay  
  53  4:34  Marine x2  
  53  4:36  Medivac  
  53  4:38  Factory Reactor  
  57  4:40  SCV  
  58  4:45  Supply Depot  
  58  4:53  Marine x2  
  60  5:08  Barracks  
  60  5:10  Stimpack, Barracks, Marauder  
  60  5:11  SCV x2  
  64  5:14  Supply Depot, Marine  
  64  5:15  Supply Depot, Combat Shields, Marine  
  64  5:17  Marauder  
  68  5:25  SCV  
  69  5:31  SCV  
  70  5:36  Marauder  
  70  5:38  Refinery x2  
  72  5:48  Marauder, Marine x2  
  76  5:50  SCV x2  
  76  5:55  Factory Reactor  
  76  5:56  Command Center  
  78  5:58  Medivac  
  78  6:03  Medivac  
  76  6:08  Marauder, Marine x2  
  76  6:09  Marine  
  81  6:13  Marine x2  
  81  6:15  Factory Reactor  
  83  6:19  Supply Depot, SCV  
  83  6:20  SCV  
  83  6:22  Terran Infantry Weapons Level 1  
  85  6:29  Marine  
  86  6:33  Supply Depot  
  86  6:40  Marine x3  
  86  6:41  Marauder x2  
  93  6:55  Medivac x2  
  93  6:57  Widow Mine  
  93  6:58  Supply Depot  
  93  6:59  Supply Depot  
  93  7:01  Engineering Bay  
  99  7:02  Supply Depot  
  99  7:03  Barracks Reactor, Barracks Tech Lab  
  99  7:06  SCV  
  100  7:09  Orbital Command  
  100  7:12  Concussive Shells  
  100  7:13  Marine  
  101  7:15  SCV  
  101  7:22  Marauder x2  
  105  7:36  Orbital Command  
  103  7:43  Marine x2  
  103  7:44  Marauder x3  
  88  7:51  Widow Mine x2, Medivac x2  
  98  8:03  SCV x3  
  98  8:04  Starport, Marine  
  98  8:05  Marauder  
  104  8:07  Marine  
  104  8:08  Missile Turret  
  105  8:14  Terran Infantry Armor Level 1  
  105  8:15  SCV  
  105  8:19  Marine  
  109  8:20  Armory, Marauder  
  109  8:26  Marauder x2, Marine  
  114  8:31  SCV, Liberator  
  114  8:32  SCV x2  
  117  8:35  Marine  
  120  8:41  Marauder  
  120  8:43  Marine  
  120  8:44  SCV x2  
  120  8:48  Marauder x2, Starport Reactor  
  127  8:53  Liberator  
  130  8:56  SCV  
  130  8:57  SCV x2, Marine, Supply Depot  
  130  8:58  Supply Depot  
  134  9:03  Missile Turret  
  134  9:05  Marine  
  134  9:06  Marauder  
  134  9:07  Supply Depot  
  134  9:09  Supply Depot  
  137  9:15  Marine  
  137  9:16  Liberator  
  141  9:17  Liberator  
  141  9:18  Marine  
  141  9:19  Marauder x2  
  141  9:22  Widow Mine x2  
  150  9:24  Marine x2  
  152  9:32  Supply Depot  
  152  9:33  Supply Depot  
  152  9:35  Marine  
  159  9:40  Marine  
  159  9:41  Marauder x2  
  159  9:44  Marauder, Marine  
  167  9:54  Refinery  
  167  9:56  Refinery  
  167  10:03  Marine  
  167  10:04  Marauder  
  167  10:05  Command Center  
  122  10:21  Marine  
  122  10:22  Marauder x2  
  122  10:23  SCV x2  
  122  10:25  Marauder, Medivac, Marine  
  122  10:26  SCV  
  122  10:35  SCV x2  
  122  10:37  Marine  
  123  10:43  Marine, Marauder x2  
  123  10:46  Marauder  
  123  10:48  Marine  
  129  10:55  Marine  
  131  11:05  Marauder x2  
  131  11:06  Marine  
  131  11:08  Marauder  
  130  11:14  Marine  
  130  11:17  SCV  
  130  11:18  SCV x2  
Tags
 
Composition
MMM Bio
Matchup
PvT
Replay Pack
me
Add a new tag
Caveats
  • Supply blocks, unpowered buildings, or Contaminate may cause inaccurate times.
  • Supply counts are checked every 10 seconds.